 Seeded DCSS version 0.31-a0-846-gb3bcc0d938 (webtiles) character file.

Game seed: 20231003 (custom seed)

8029 Danienth the Slicer (level 11, -4/58 HPs)
             Began as a Spriggan Enchanter on Oct 3, 2023.
             Was an Initiate of Gozag.
             Slain by a freezing wraith (19 damage)
             ... on level 9 of the Dungeon on Oct 4, 2023.
             The game lasted 01:30:01 (11538 turns).

Danienth the Slicer (Spriggan Enchanter)           Turns: 11538, Time: 01:30:02

Health: -4/58      AC: 10    Str: 17    XL:     11   Next: 4%
Magic:  14/23      EV: 28    Int: 18    God:    Gozag
Gold:   509        SH:  0    Dex: 17    Spells: 11/25 levels left

rFire   . . .        f - +3 short sword of Impeachment {drain, rN++ Will+}
rCold   . . .        (no shield)
rNeg    + + .        z - +4 steam dragon scales
rPois   .            (helmet restricted)
rElec   +            e - +0 cloak of the Sun {Harm Will+ Str+2}
rCorr   .            (gloves unavailable)
SInv    +            (boots unavailable)
Will    +....        x - amulet of Duysk {Acrobat Contam Fragile rElec Str+9}
Stlth   ++++         D - +5 ring of evasion
HPRegen 0.29/turn    (no ring)
MPRegen 0.18/turn

%: harm (+30% outgoing, +20% incoming), acrobat
@: weak-willed, very quick
A: very small, no large weapons, unfitting armour, see invisible, speed 3
a: Renounce Religion, Potion Petition, Call Merchant, Bribe Branch


You were on level 9 of the Dungeon.
You worshipped Gozag.
Gozag was pleased with you.
You visited 2 branches of the dungeon, and saw 13 of its levels.
You also visited: Ossuary.

You collected 1143 gold pieces.
You spent 558 gold pieces at shops.
You paid 76 gold pieces to Gozag.

Inventory:

Hand Weapons
 a - a +1 dagger
 f - the +3 short sword of Impeachment (weapon) {drain, rN++ Will+}
   (You took it off an orc on level 3 of the Dungeon)

   rN++:      It greatly protects you from negative energy.
   Will+:     It increases your willpower.
 h - a +1 dagger of venom
 q - a +3 hand axe
 J - a +2 dagger of venom
 L - a +1 dagger of chaos
Missiles
 g - 72 stones
 m - 2 throwing nets
 A - 22 poisoned darts
 B - 13 boomerangs (quivered)
 E - a curare-tipped dart
Armour
 b - a +2 robe
 e - the +0 cloak of the Sun (worn) {Harm Will+ Str+2}
   (You acquired it on level 3 of the Dungeon)

   Str+2:     It affects your strength (+2).
   Will+:     It increases your willpower.
   Harm:      It increases damage dealt and taken.
 z - +4 steam dragon scales (worn)
 M - a +1 robe of cold resistance
Jewellery
 o - an amulet of reflection
 x - the amulet of Duysk (around neck) {Acrobat Contam Fragile rElec Str+9}
   (You found it on level 4 of the Dungeon)

   [amulet of the acrobat]

   Acrobat:   It increases your evasion while moving and waiting.
   Str+9:     It affects your strength (+9).
   rElec:     It insulates you from electricity.
   Contam:    It causes magical contamination when unequipped.
   Fragile:   It will be destroyed if unequipped.
 D - a +5 ring of evasion (left hand)
Talismans
 c - a serpent talisman
 d - a storm talisman
Wands
 p - a wand of roots (6)
 t - a wand of mindburst (19)
 y - a wand of paralysis (7)
Scrolls
 k - a scroll of fear
 l - 4 scrolls of identify
 r - 5 scrolls of teleportation
 F - a scroll of torment
 G - 2 scrolls of amnesia
 H - a scroll of fog
 K - 3 scrolls of summoning
Potions
 i - 4 potions of mutation
 j - 3 potions of curing
 n - 4 potions of degeneration
 s - 2 potions of cancellation
 u - 3 potions of heal wounds
 v - a potion of lignification
 w - 2 potions of magic {unknown}
 I - 2 potions of brilliance


   Skills:
 * Level 7.1 Fighting
 - Level 10.0 Short Blades
 + Level 2.4 Armour
 + Level 9.8 Dodging
 + Level 9.2 Stealth
 + Level 7.8 Spellcasting
 - Level 5.0 Hexes


You had 11 spell levels left.
You knew the following spells:

 Your Spells              Type           Power      Damage    Failure   Level
a - Ensorcelled Hibernat  Hex/Ice        32%        N/A       5%          2
b - Wereblood             Tmut           7%         N/A       16%         2
c - Slow                  Hex            100%       N/A       1%          1
d - Confusing Touch       Hex            25%        N/A       3%          3
e - Tukima's Dance        Hex            25%        N/A       3%          3
f - Vampiric Draining     Necr           7%         2d6       30%         3

Your spell library contained the following spells:

 Spells                   Type           Power      Damage    Failure   Level
 Sigil of Binding         Hex            25%        N/A       3%          3
 Apportation              Tloc           14%        N/A       10%         1
 Necrotise                Necr           28%        1d5       10%         1
 Summon Small Mammal      Summ           28%        N/A       10%         1
 Dazzling Flash           Conj/Hex       32%        N/A       11%         3
 Blink                    Tloc           14%        N/A       16%         2
 Lesser Beckoning         Tloc           14%        N/A       16%         2
 Momentum Strike          Conj/Tloc      14%        3d8       16%         2
 Sublimation of Blood     Necr           7%         N/A       16%         2
 Summon Hydra             Summ           3%         N/A       100%        7


Dungeon Overview and Level Annotations

Branches:
Dungeon (12/15)            Temple (1/1) D:6            Lair (0/5) D:11
    Orc (0/2) D:12        Ossuary (visited)

Altars:
Ashenzari
Cheibriados
Dithmenos
Elyvilon
Fedhas
Gozag
Hepliaklqana
Kikubaaqudgha
Makhleb
Nemelex Xobeh
Okawaru
Qazlal
Ru
Sif Muna
Trog
Uskayaw
Vehumet
Wu Jian
Xom
Yredelemnul
Zin
The Shining One

Shops:
D:7 :*   D:8 [(??*

Annotations:
D:10 Nergalle


Innate Abilities, Weirdness & Mutations

You are very small and have problems with some larger weapons.
You are too small for most types of armour.
You have supernaturally acute eyesight. (SInv)
You cover ground extremely quickly. (Speed+++)


Message History

Hit: f) +3 short sword of Impeachment {drain, rN++ Will+}
Press: ? - help, Dir - move target, f/p - freezing wraith
Aim: a freezing wraith (lightly damaged, confused, slow, weak-willed, about 15% to evade the +3 short sword of Impeachment)
You hit the freezing wraith but do no damage.
The freezing wraith is lightly damaged.
Hit: f) +3 short sword of Impeachment {drain, rN++ Will+}
Press: ? - help, Dir - move target, f/p - freezing wraith
Aim: a freezing wraith (lightly damaged, confused, slow, weak-willed, about 15% to evade the +3 short sword of Impeachment)
You barely miss the freezing wraith.
The freezing wraith is lightly damaged.
Hit: f) +3 short sword of Impeachment {drain, rN++ Will+}
Press: ? - help, Dir - move target, f/p - freezing wraith
Aim: a freezing wraith (lightly damaged, confused, slow, weak-willed, about 15% to evade the +3 short sword of Impeachment)
You strike the helpless freezing wraith from behind!
You puncture the freezing wraith!
You punch the freezing wraith, but do no damage.
The freezing wraith is severely damaged.
The freezing wraith hits you but does no damage.
The freezing wraith closely misses you.
Hit: f) +3 short sword of Impeachment {drain, rN++ Will+}
Press: ? - help, Dir - move target, f/p - freezing wraith
Aim: a freezing wraith (severely damaged, confused, slow, weak-willed, about 15% to evade the +3 short sword of Impeachment)
You hit the freezing wraith but do no damage.
The freezing wraith is severely damaged.
Hit: f) +3 short sword of Impeachment {drain, rN++ Will+}
Press: ? - help, Dir - move target, f/p - freezing wraith
Aim: a freezing wraith (severely damaged, confused, slow, weak-willed, about 15% to evade the +3 short sword of Impeachment)
You hit the freezing wraith.
The freezing wraith is severely damaged.
You are too injured to fight recklessly!
Hit: f) +3 short sword of Impeachment {drain, rN++ Will+}
Press: ? - help, Dir - move target, f/p - freezing wraith
Aim: a freezing wraith (severely damaged, confused, slow, weak-willed, about 15% to evade the +3 short sword of Impeachment)
You hit the freezing wraith but do no damage.
The freezing wraith is severely damaged.
The freezing wraith hits you!
* * * LOW HITPOINT WARNING * * *
The freezing wraith freezes you!!
You die...
Your body crumbles into a pile of gold.

#H###.###. #.##.#.#.# #.#.##.#...
##.#).)#.# #.##..<#.# #.#.##.#...
.#.##.##. #.###.##.# #.#.##.#...
.##.#u#.# #.# #..#.# #.#.#......
..#.###. ##.####.#.###.#.#......
..##.#.# ##.#.###............#.#.
...#.#.###W###J###...##.#....#.#.
...##W###J## ##W##...##.#....#.#.
....#H##.## ##@##...#.#....#.#.
....#$#(#######.#.#.#.#.#....#.#.
....##(........##.#...#.#....#...
.....#.#.#.#.#.##.##....#..###..#
<#.#.##.#.#.#.##.###.....<......#
.#.#..#.......##.#.##..<.....#...
.#.##.##.....##.##..#........#.##
.#.##..#.#.#.##.#.#.##.........#
##.###.##.#.##.##.#..#...#>#.####


You could see a slime creature (weak-willed) and a freezing wraith (confused,
slow, weak-willed).

Vanquished Creatures
  A two-headed ogre (D:9)
  Pikel (D:4)
  A manticore (D:9)
  A gargoyle (D:11)
  Psyche (D:8)
  3 trolls
  2 hornets
  Sigmund (D:3)
  A wraith (D:7)
  A fire bat (shapeshifter) (D:9)
  Grum (D:8)
  2 steam dragons
  2 vampire mosquitoes (D:11)
  A sky beast (D:7)
  3 ice beasts
  4 orc warriors
  2 black bears
  3 wolves
  A centaur (D:6)
  2 kobold brigands (D:6)
  2 scorpions (D:5)
  5 wights (D:7)
  9 killer bees
  2 electric eels
  3 howler monkeys
  3 gnoll boudas
  A human zombie (Ossuary)
  6 orc priests
  A hound (D:4)
  3 jellies
  4 iguanas
  4 orc wizards
  2 sleepcaps (D:6)
  A hound zombie (Ossuary)
  4 mummies (Ossuary)
  15 gnolls
  7 adders
  3 white imps
  5 adder zombies (Ossuary)
  4 worms
  3 dart slugs
  31 orcs
  8 endoplasms
  3 giant cockroaches
  8 goblins
  8 hobgoblins
  13 jackals
  13 kobolds
  3 quokkas
  8 ball pythons
  5 bats
  6 frilled lizards
  A gnoll zombie (Ossuary)
  A hobgoblin zombie (Ossuary)
  A jackal zombie (Ossuary)
  2 kobold zombies (Ossuary)
  3 rats
235 creatures vanquished.

Vanquished Creatures (collateral kills)
  A deep elf pyromancer (D:12)
  An orc wizard (D:3)
  An orc (D:3)
3 creatures vanquished.

Grand Total: 238 creatures vanquished

Notes
Turn   | Place    | Note
-------+----------+-------------------------------------------
     0 | D:1      | Danienth the Spriggan Enchanter began the quest for the
                  | Orb.
     0 | D:1      | Reached XP level 1. HP: 9/9 MP: 5/5
    83 | D:1      | Reached skill level 2 in Short Blades
   115 | D:1      | Reached XP level 2. HP: 7/13 MP: 6/6
   539 | D:1      | Reached skill level 3 in Short Blades
   572 | D:1      | Reached XP level 3. HP: 11/16 MP: 8/8
   578 | D:1      | Learned a level 2 spell: Ensorcelled Hibernation
  1078 | D:2      | Learned a level 2 spell: Wereblood
  1152 | D:2      | Found a broken altar of Ashenzari.
  1375 | D:2      | Reached skill level 1 in Fighting
  1393 | D:2      | Reached XP level 4. HP: 21/22 MP: 9/9
  1467 | D:2      | Reached skill level 4 in Short Blades
  1996 | D:3      | Noticed an orc warrior
  2013 | D:3      | Killed an orc warrior
  2014 | D:3      | Reached skill level 5 in Short Blades
  2014 | D:3      | Reached XP level 5. HP: 16/26 MP: 5/10
  2049 | D:3      | Identified a scroll of acquirement
  2049 | D:3      | Acquired the +0 cloak of the Sun {Harm Will+ Str+2}
  2214 | D:3      | Noticed Sigmund
  2222 | D:3      | Killed Sigmund
  2223 | D:3      | Reached skill level 6 in Short Blades
  2223 | D:3      | Reached XP level 6. HP: 32/32 MP: 11/11
  2398 | D:3      | Found an iron altar of Okawaru.
  2409 | D:3      | Found a shimmering altar of Xom.
  2410 | D:3      | Found a sparkling altar of Nemelex Xobeh.
  2569 | D:3      | Identified the +3 short sword of Impeachment {drain, rN++
                  | Will+}
  2839 | D:4      | Noticed Pikel
  2863 | D:4      | Killed Pikel
  2864 | D:4      | Reached skill level 8 in Short Blades
  2864 | D:4      | Reached XP level 7. HP: 19/35 MP: 0/12
  2866 | D:4      | Reached skill level 9 in Short Blades
  3265 | D:4      | Reached XP level 8. HP: 39/39 MP: 13/13
  3301 | D:4      | Identified the amulet of Duysk {Acrobat Contam Fragile
                  | rElec Str+9}
  3850 | D:5      | Entered Level 5 of the Dungeon
  4259 | D:5      | Reached skill level 10 in Short Blades
  4622 | D:5      | Found a stormy altar of Qazlal.
  4622 | D:5      | Found a radiant altar of Vehumet.
  4765 | D:5      | Reached skill level 5 in Stealth
  5534 | D:6      | Found a staircase to the Ecumenical Temple.
  5725 | D:6      | Reached XP level 9. HP: 39/46 MP: 14/14
  6054 | D:6      | Identified the +8 trident of Ignis's Brutal Revenge {heavy,
                  | *Noise rF+ rCorr}
  6333 | D:6      | Reached skill level 5 in Fighting
  6566 | D:6      | Learned a level 1 spell: Slow
  6570 | D:6      | Learned a level 3 spell: Confusing Touch
  6574 | D:6      | Learned a level 3 spell: Tukima's Dance
  6619 | Temple   | Entered the Ecumenical Temple
  6776 | Temple   | Became a worshipper of Gozag Ym Sagoz the Greedy
  6880 | D:7      | Found Qoac's Vocational Training.
  7424 | D:7      | Found Borphom's Lightly-Used Armoury.
  7554 | D:7      | Reached skill level 5 in Dodging
  7776 | D:7      | Reached skill level 5 in Spellcasting
  7884 | D:7      | Learned a level 3 spell: Vampiric Draining
  8325 | D:8      | Noticed Grum
  8344 | D:8      | Killed Grum
  8457 | D:8      | Found a sand-covered staircase.
  8488 | D:8      | Noticed Psyche
  8502 | Ossuary  | Entered an ossuary
  8551 | Ossuary  | Reached XP level 10. HP: 51/51 MP: 19/21
  8808 | D:8      | Found Juok's Armour Shop.
  8811 | D:8      | Found Mijel's Magic Scroll Shoppe.
  8818 | D:8      | Found Liuch's Weapon Boutique.
  8927 | D:8      | Found Puycloi's General Store.
  8930 | D:8      | Found Ubaotzy's Magic Scroll Shop.
  8938 | D:8      | Bought a scroll of enchant armour for 75 gold pieces
  8953 | D:8      | Bought a scroll of teleportation for 42 gold pieces
  8953 | D:8      | Bought 3 scrolls of summoning for 399 gold pieces
  8953 | D:8      | Bought a scroll of teleportation for 42 gold pieces
  9056 | D:8      | Killed Psyche
  9384 | D:9      | You fall into a shaft and drop 3 floors!
  9498 | D:12     | Noticed a deep elf pyromancer
  9532 | D:12     | Killed a deep elf pyromancer
  9665 | D:12     | Found a staircase to the Orcish Mines.
  9722 | D:11     | Noticed a gargoyle
  9725 | D:11     | Killed a gargoyle
  9726 | D:11     | Reached skill level 1 in Armour
  9876 | D:11     | Found a staircase to the Lair.
 10114 | D:10     | Entered Level 10 of the Dungeon
 10176 | D:10     | Noticed Nergalle
 10190 | D:10     | Noticed a spectral orc warlord
 10716 | D:9      | Noticed a two-headed ogre
 10733 | D:9      | Killed a two-headed ogre
 11325 | D:9      | Reached skill level 5 in Hexes
 11469 | D:9      | Noticed a manticore
 11469 | D:9      | Noticed a manticore
 11469 | D:9      | Noticed a purple ugly thing
 11507 | D:9      | Killed a manticore
 11508 | D:9      | Reached XP level 11. HP: 52/58 MP: 17/23
 11538 | D:9      | Slain by a freezing wraith

Illustrated notes

Levels and vault maps discovered:
D:1:      lightli_arrival_isolated_outpost, layout_loops_ring
D:2:      layout_loops_ring, basic_altar, minivault_25,
          chequers_serial_rivers_marsh
D:3:      minmay_chambers_of_threes, layout_basic, grunt_temple_overflow_open,
          uniq_sigmund
D:4:      layout_basic, uniq_pikel
D:5:      nicolae_cairo_tiling_large_dashed, layout_gridville,
          mainiacjoe_overflow_divided_tiny, hex_medium
D:6:      layout_basic, minmay_temple_entry_stoned_glass, serial_park_tiny_pond,
          nicolae_water_bricks
D:7:      layout_basic, hex_tiny, minmay_shop_damaged, nicolae_shop_vocational
D:8:      layout_rooms, enter_ossuary_1, nicolae_shop_national_dungeon_mall,
          uniq_grum, uniq_psyche
D:9:      minmay_the_grid_triangle_9x9_rhombus_thin
          [minmay_the_grid_triangle_9x9_minimal,
          minmay_the_grid_triangle_9x9_prize_top_heavy,
          minmay_the_grid_triangle_9x9_longest,
          minmay_the_grid_triangle_9x9_zippers_horizontal], layout_basic
D:10:     layout_small_grid, enter_trove_0, blue_anna_alchemist, uniq_maurice,
          uniq_nergalle, uniq_snorg
D:11:     lemuel_reptile_caves, layout_irregular_city, minmay_misc_feat_roman
D:12:     layout_loops_corners, orc_0_dummy, uniq_azrael
Temple:   bh_familiar_temple

Skill      XL: |  1  2  3  4  5  6  7  8  9 10 |
---------------+-------------------------------+-----
Short Blades   | 2 3 5 6 8 9 10 | 10.0
Fighting       | 1 2 4 5 7 |  7.1
Stealth        | 8 9 |  9.2
Dodging        | 7 9 |  9.8
Spellcasting   | 7 |  7.8
Armour         | 2 |  2.4
Hexes          | 5 |  5.0

Action                     |  1- 3 |  4- 6 |  7- 9 | 10-12 || total
---------------------------+-------+-------+-------+-------++-------
  Melee: Dagger            |   231 |    98 |       |       ||   329
         Punch             |     1 |     4 |     6 |     5 ||    16
         Short sword       |       |    28 |   419 |   309 ||   756
  Throw: Stone             |       |    10 |    17 |       ||    27
         Dart              |       |       |    94 |    23 ||   117
         Boomerang         |       |       |     8 |     2 ||    10
   Cast: Ensorcelled Hiber |       |    21 |    20 |    15 ||    56
         Confusing Touch   |       |       |     4 |     2 ||     6
         Wereblood         |       |       |     3 |     9 ||    12
         Slow              |       |       |     1 |     6 ||     7
    Use: Scroll            |     3 |     9 |    11 |    12 ||    35
         Potion            |       |     2 |     8 |     2 ||    12
   Stab: Sleeping          |     3 |    10 |    17 |    12 ||    42
         Invisible         |       |     3 |     3 |       ||     6
         Distracted        |       |     1 |     2 |     1 ||     4
         Confused          |       |       |     3 |     1 ||     4
 Armour: Robe              |    52 |    29 |   107 |    12 ||   200
         Steam dragon scal |       |       |       |    33 ||    33
  Dodge: Dodged            |   163 |   112 |   229 |   183 ||   687

Table legend: (Time is in decaauts)
 A = Elapsed time spent in this place.
 B = Non-inter-level travel time spent in this place.
 C = Inter-level travel time spent in this place.
 D = Time resting spent in this place.
 E = Time spent auto-exploring this place.
 F = Levels seen in this place.
 G = Mean time per level.
                   A        B        C        D        E       F      G
               +--------+--------+--------+--------+--------+-----+--------+
         Total |   8342 |   7829 |    513 |   1440 |   4513 |  14 |  595.9 |
       Dungeon |   8039 |   7638 |    401 |   1440 |   4432 |  12 |  669.9 |
        Temple |    116 |      4 |    112 |      0 |      0 |   1 |  116.0 |
       Ossuary |    186 |    186 |      0 |      0 |     81 |   1 |  186.0 |
               +--------+--------+--------+--------+--------+-----+--------+

Top non-repeatable levels by time:
     D:6: 1431 daAuts
     D:7: 1030 daAuts
     D:2: 786 daAuts
     D:9: 781 daAuts
     D:5: 759 daAuts
     D:3: 720 daAuts
     D:4: 670 daAuts
     D:1: 618 daAuts
     D:8: 502 daAuts
    D:11: 375 daAuts
    D:12: 246 daAuts
 Ossuary: 186 daAuts
  Temple: 116 daAuts
    D:10: 116 daAuts
